[Event "Titled Tuesday Blitz March 14 Late 2023"]
[White "Klose, Eli"]
[Black "Hoffmann, Asa"]
[WhiteFideId "16242955"]
[BlackFideId "2001470"]
[WhiteElo "2618"]
[BlackElo "2117"]
[Result "1-0"]
[Round "02"]
[TimeControl "180+2"]
[Date "2023.03.14"]
[WhiteClock "0:00:19"]
[BlackClock "0:00:18"]

1. e4 d6 2. d4 Nf6 3. Nc3 c6 4. Be3 Ng4 5. Bf4 Qb6 6. Rb1 e5 7. Be3 Nxe3 8. fxe3 g6 9. Nf3 Bg7 10. Bc4 O-O 11. O-O Bg4 12. Ne2 Bxf3 13. Rxf3 Nd7 14. c3 Rae8 15. Qc2 Nf6 16. Rbf1 d5 17. exd5 Nxd5 18. Qd3 Bh6 19. Rh3 Bg7 20. e4 exd4 21. Nxd4 Nf6 22. Rhf3 Qd8 23. Qc2 Qe7 24. a4 Ng4 25. Rxf7 Rxf7 26. Rxf7 Qxf7 27. Bxf7+ Kxf7 28. Qb3+ Kf8 29. Qxb7 Ne5 30. h3 Re7 31. Qc8+ Kf7 32. b4 a5 33. Nxc6 Nxc6 34. Qxc6 axb4 35. cxb4 Bd4+ 36. Kf1 Be5 37. a5 Rc7 38. Qd5+ Kf6 39. b5 Rc1+ 40. Ke2 Rc2+ 41. Kd1 Rb2 42. b6 1-0


[Site "https://www.chess.com"]

[Event "Titled Tuesday Blitz March 14 Late 2023"]
[White "ArtemDyachuk"]
[Black "Urazayev, Arystanbek"]
[BlackFideId "13709810"]
[WhiteElo "2387"]
[BlackElo "2479"]
[Result "0-1"]
[Round "02"]
[TimeControl "180+2"]
[Date "2023.03.14"]
[WhiteClock "0:00:07"]
[BlackClock "0:02:08"]

1. Nf3 d5 2. c4 d4 3. e3 Nc6 4. b4 dxe3 5. fxe3 Nxb4 6. d4 e5 7. Nxe5 Qh4+ 8. Kd2 Nf6 9. Nc3 Bf5 10. a3 Nc2 11. Ra2 Nxd4 12. exd4 Qxd4+ 13. Bd3 O-O-O 14. Qe2 Bd6 15. Nf3 Bf4+ 16. Kc2 Bxd3+ 17. Kb3 Qb6+ 0-1


[Site "https://www.chess.com"]

[Event "Titled Tuesday Blitz March 14 Late 2023"]
[White "Becham, Khalid"]
[Black "Melian, Juan Sebastian"]
[WhiteFideId "9000275"]
[BlackFideId "3706575"]
[WhiteElo "2081"]
[BlackElo "2031"]
[Result "1-0"]
[Round "02"]
[TimeControl "180+2"]
[Date "2023.03.14"]
[WhiteClock "0:00:19"]
[BlackClock "0:00:09"]

1. d4 e6 2. Nf3 Nf6 3. Bg5 Be7 4. e3 c5 5. Bd3 b6 6. c3 Bb7 7. Nbd2 O-O 8. O-O Nc6 9. Qe2 d6 10. a4 Rc8 11. h3 h6 12. Bh4 Nh5 13. Bxe7 Qxe7 14. Rfd1 f5 15. Bc4 d5 16. Bb5 Nf6 17. Bxc6 Bxc6 18. Ne5 Be8 19. Re1 Bh5 20. Qb5 Rc7 21. a5 Ne4 22. axb6 axb6 23. Nxe4 fxe4 24. Qxb6 Rb7 25. Qxc5 Qxc5 26. dxc5 Rxb2 27. Rf1 Be2 28. Rfb1 Rfb8 29. Rxb2 Rxb2 30. c6 Rb8 31. Ra7 Bh5 32. c7 Rc8 33. Rb7 Kh7 34. Nd7 Be8 35. Nb6 Bc6 36. Ra7 1-0


[Site "https://www.chess.com"]

[Event "Titled Tuesday Blitz March 14 Late 2023"]
[White "Estrada Nieto, Julian"]
[Black "Fan_Of_Chucky"]
[WhiteFideId "5101018"]
[WhiteElo "2176"]
[BlackElo "2334"]
[Result "1-0"]
[Round "02"]
[TimeControl "180+2"]
[Date "2023.03.14"]
[WhiteClock "0:01:33"]
[BlackClock "0:01:49"]

1. e4 c5 2. Nf3 a6 3. c3 d5 4. e5 Nc6 5. d4 cxd4 6. cxd4 Bg4 7. Be3 e6 8. a3 Qb6 9. Nbd2 Qxb2 10. Rb1 Qxa3 11. Rxb7 Bb4 12. Be2 Nge7 13. O-O O-O-O 14. Rb6 Qa5 15. Rxa6 1-0


[Site "https://www.chess.com"]

[Event "Titled Tuesday Blitz March 14 Late 2023"]
[White "Leonte, Sebastian-Marian"]
[Black "Urbina Perez, Juan Antonio"]
[WhiteFideId "1268767"]
[BlackFideId "2217368"]
[WhiteElo "2332"]
[BlackElo "2197"]
[Result "1-0"]
[Round "02"]
[TimeControl "180+2"]
[Date "2023.03.14"]
[WhiteClock "0:02:14"]
[BlackClock "0:02:29"]

1. e4 c6 2. d4 d5 3. e5 Bf5 4. Nf3 e6 5. Be2 h6 6. O-O c5 7. Be3 Ne7 8. dxc5 Nec6 9. c4 dxc4 10. Qxd8+ Kxd8 11. Rd1+ Nd7 12. Na3 a6 13. Nxc4 Kc7 14. Rxd7+ Kxd7 15. Nb6+ 1-0


[Site "https://www.chess.com"]

[Event "Titled Tuesday Blitz March 14 Late 2023"]
[White "Defend, Balint"]
[Black "Dahl, Trygve"]
[WhiteFideId "17004853"]
[BlackFideId "1513427"]
[WhiteElo "2534"]
[BlackElo "2125"]
[Result "0-1"]
[Round "02"]
[TimeControl "180+2"]
[Date "2023.03.14"]
[WhiteClock "0:01:58"]
[BlackClock "0:02:01"]

1. e4 e5 2. Nf3 Nf6 3. Nxe5 d6 4. Nf3 Nxe4 5. Nc3 Nxc3 6. dxc3 Be7 7. Nd4 O-O 8. Be3 Re8 9. h4 Nd7 10. Bc4 Ne5 11. Bd5 c6 12. Bb3 d5 13. h5 Ng4 14. Qf3 Bg5 15. O-O Rxe3 16. fxe3 Bxe3+ 17. Kh1 Qh4+ 18. Qh3 Nf2+ 19. Rxf2 Bxh3 20. Nf3 Qxf2 0-1


[Site "https://www.chess.com"]

[Event "Titled Tuesday Blitz March 14 Late 2023"]
[White "Gharamian, Tigran"]
[Black "Gasparyan, David"]
[WhiteFideId "13301527"]
[BlackFideId "13311980"]
[WhiteElo "2632"]
[BlackElo "2514"]
[Result "0-1"]
[Round "02"]
[TimeControl "180+2"]
[Date "2023.03.14"]
[WhiteClock "0:00:12"]
[BlackClock "0:00:20"]

1. d4 Nf6 2. Nf3 e6 3. c4 d5 4. Nc3 c6 5. e3 Bd6 6. Bd3 O-O 7. O-O dxc4 8. Bxc4 Nbd7 9. Qc2 a6 10. Rd1 Qc7 11. h3 b5 12. Bd3 c5 13. Ne4 c4 14. Nxd6 Qxd6 15. Be4 Nxe4 16. Qxe4 Rb8 17. Qh4 Bb7 18. e4 e5 19. Be3 Qg6 20. dxe5 Bxe4 21. Ng5 Bf5 22. Rd6 f6 23. Nf3 Rbe8 24. e6 Bxe6 25. Nd4 Bf5 26. g4 Ne5 27. Kf1 Bd3+ 28. Kg2 Qe4+ 29. Kh2 Nf7 30. Rd7 Ng5 31. Qg3 g6 32. h4 Ne6 33. Nxe6 Rxe6 34. h5 f5 35. hxg6 hxg6 36. gxf5 Rxf5 37. Rg1 Rh5+ 38. Qh3 Rxh3+ 39. Kxh3 Qf5+ 0-1


[Site "https://www.chess.com"]

[Event "Titled Tuesday Blitz March 14 Late 2023"]
[White "Sonnenschein, Philipp"]
[Black "Bove, Alessandro"]
[WhiteFideId "16250877"]
[BlackFideId "814121"]
[WhiteElo "2224"]
[BlackElo "2387"]
[Result "1-0"]
[Round "02"]
[TimeControl "180+2"]
[Date "2023.03.14"]
[WhiteClock "0:01:01"]
[BlackClock "0:00:39"]

1. e4 c5 2. Nf3 d6 3. Bb5+ Bd7 4. Bxd7+ Qxd7 5. O-O Nc6 6. c4 g6 7. d4 cxd4 8. Nxd4 Bg7 9. Be3 Rc8 10. b3 a6 11. Qd3 Nf6 12. Nc3 Ng4 13. Nxc6 Nxe3 14. Na7 Nxf1 15. Nxc8 Qxc8 16. Rxf1 O-O 17. Nd5 Qe6 18. f4 Rc8 19. f5 Qe5 20. Qf3 gxf5 21. Qxf5 Qxf5 22. Nxe7+ Kf8 23. Nxf5 Be5 24. Rd1 Rc6 25. h3 Ke8 26. Kf2 Kd7 27. Kf3 Ke6 28. Kg4 b5 29. cxb5 axb5 30. Rd2 Rc1 31. Kf3 Rf1+ 32. Ke3 Bf4+ 33. Ke2 Rc1 34. Rd5 Rc2+ 35. Kf3 Be5 36. Rxb5 Rxa2 37. Rb7 Rb2 38. h4 Rc2 39. Ne3 Rc3 40. Ke2 Rc1 41. Nd5 Rc2+ 42. Kd1 Rxg2 43. Re7# 1-0


[Site "https://www.chess.com"]

[Event "Titled Tuesday Blitz March 14 Late 2023"]
[White "ArchibaldCerveza29"]
[Black "Abrosimov, Vladimir"]
[BlackFideId "4166892"]
[WhiteElo "2503"]
[BlackElo "2336"]
[Result "1-0"]
[Round "02"]
[TimeControl "180+2"]
[Date "2023.03.14"]
[WhiteClock "0:01:25"]
[BlackClock "0:00:14"]

1. e4 c5 2. Nf3 d6 3. d4 cxd4 4. Nxd4 Nf6 5. Nc3 a6 6. Rg1 e5 7. Nb3 Be6 8. g4 Bxg4 9. Rxg4 Nxg4 10. Qxg4 Qd7 11. Qxd7+ Nxd7 12. Be3 Nf6 13. f3 Be7 14. O-O-O O-O 15. a4 Rfd8 16. Nd5 Nxd5 17. Rxd5 h6 18. Bb6 Rdc8 19. Na5 Rab8 20. Bh3 Rf8 21. c3 g5 22. Bg4 Kg7 23. Nc4 Kg6 24. Bc7 Rbe8 25. Bd7 Ra8 26. Nb6 Ra7 27. Nc8 Rxc8 28. Bxc8 b5 29. Bxd6 f6 30. Bxe7 Rxe7 31. Bf5+ Kh5 32. axb5 axb5 33. Rxb5 Kh4 34. Rb6 Rf7 35. c4 h5 36. c5 g4 37. fxg4 hxg4 38. c6 Rc7 39. b4 g3 40. hxg3+ Kxg3 41. b5 Kf4 42. Rb7 Rxb7 43. cxb7 Ke3 44. b8=Q Kd4 45. Qf8 Kc4 46. Qxf6 Kb4 47. Qxe5 Ka5 48. b6+ Ka6 49. Qc7 Kb5 50. b7 Ka6 51. e5 Kb5 52. b8=Q+ Ka6 53. Qca7# 1-0


[Site "https://www.chess.com"]

[Event "Titled Tuesday Blitz March 14 Late 2023"]
[White "Gamage, Wanshini Vidusama"]
[Black "Osmak, Yuliia"]
[WhiteFideId "9953752"]
[BlackFideId "14101602"]
[WhiteElo "2267"]
[BlackElo "2271"]
[Result "0-1"]
[Round "02"]
[TimeControl "180+2"]
[Date "2023.03.14"]
[WhiteClock "0:00:33"]
[BlackClock "0:01:00"]

1. e4 d6 2. d4 Nf6 3. Nc3 e5 4. Nf3 Nbd7 5. Bc4 Be7 6. O-O O-O 7. a4 c6 8. h3 a5 9. Be3 Nxe4 10. Nxe4 d5 11. Nxe5 Nxe5 12. dxe5 dxc4 13. Nd6 Bxd6 14. exd6 Be6 15. Qd4 Bd5 16. Bf4 Re8 17. Rfe1 Qd7 18. Be5 f6 19. Bg3 Re6 20. Re3 Rxe3 21. Qxe3 Re8 22. Qd2 b6 23. Re1 Kf7 24. Rxe8 Qxe8 25. Qe3 Qxe3 26. fxe3 Ke6 27. c3 Be4 28. Kf2 Bc2 29. Ke2 Bxa4 30. Kd2 c5 31. Bh2 Bc6 32. g4 g5 33. Bg3 h6 34. Ke2 Be4 35. Kf2 b5 36. h4 b4 37. hxg5 hxg5 38. Ke2 a4 39. Be1 a3 0-1


[Site "https://www.chess.com"]

[Event "Titled Tuesday Blitz March 14 Late 2023"]
[White "Jenkins, Drake"]
[Black "Golubev, Mikhail"]
[WhiteFideId "2022397"]
[BlackFideId "14100983"]
[WhiteElo "2247"]
[BlackElo "2374"]
[Result "0-1"]
[Round "02"]
[TimeControl "180+2"]
[Date "2023.03.14"]
[WhiteClock "0:00:39"]
[BlackClock "0:00:39"]

1. Nf3 d6 2. g3 g6 3. c4 Bg7 4. Bg2 e5 5. Nc3 Nc6 6. O-O f5 7. d3 h6 8. a3 a5 9. Rb1 g5 10. Qc2 Nf6 11. b4 axb4 12. axb4 g4 13. Nd2 Nd4 14. Qd1 O-O 15. e3 Ne6 16. Bb2 h5 17. Ra1 Rb8 18. Nd5 h4 19. f4 Nh5 20. Qe1 c6 21. Nc3 hxg3 22. hxg3 exf4 23. exf4 Bd4+ 24. Kh1 Rf7 25. Nd1 Nxg3+ 26. Qxg3 Rh7+ 27. Bh3 Rxh3+ 28. Qxh3 gxh3 29. Bxd4 Nxd4 30. Rg1+ Kf7 31. Nf2 Qh4 0-1


[Site "https://www.chess.com"]

[Event "Titled Tuesday Blitz March 14 Late 2023"]
[White "TimGrutter03"]
[Black "Kohler, Aran"]
[BlackFideId "1002856"]
[WhiteElo "2492"]
[BlackElo "2237"]
[Result "1-0"]
[Round "02"]
[TimeControl "180+2"]
[Date "2023.03.14"]
[WhiteClock "0:02:11"]
[BlackClock "0:01:32"]

1. e4 c6 2. Nf3 d5 3. d3 dxe4 4. dxe4 Qxd1+ 5. Kxd1 Bg4 6. Be2 Nd7 7. Nfd2 Bxe2+ 8. Kxe2 O-O-O 9. Nc4 e6 10. a4 f6 11. Nc3 Nb6 12. Nxb6+ axb6 13. Be3 Bc5 14. Bxc5 bxc5 15. a5 Kc7 16. Na4 c4 17. Nc5 Re8 18. Rhd1 Nh6 19. Rd7+ Kc8 20. a6 b6 21. a7 bxc5 22. Rxg7 1-0


[Site "https://www.chess.com"]

[Event "Titled Tuesday Blitz March 14 Late 2023"]
[White "Jovic, Stanoje"]
[Black "Tagliati, Eleonore"]
[WhiteFideId "905020"]
[BlackFideId "45172234"]
[WhiteElo "2236"]
[BlackElo "2216"]
[Result "1-0"]
[Round "02"]
[TimeControl "180+2"]
[Date "2023.03.14"]
[WhiteClock "0:02:37"]
[BlackClock "0:02:18"]

1. c4 c5 2. g3 g6 3. Bg2 Bg7 4. Nc3 Nc6 5. Nf3 Nf6 6. O-O O-O 7. d4 cxd4 8. Nxd4 e5 9. Ndb5 a6 10. Nd6 Ne8 11. c5 Nxd6 12. cxd6 b5 13. Nd5 Bb7 14. Be3 Nd4 15. Ne7+ 1-0


[Site "https://www.chess.com"]

[Event "Titled Tuesday Blitz March 14 Late 2023"]
[White "Rodriguez Fontecha, Marcos"]
[Black "babbilator"]
[WhiteFideId "2256576"]
[WhiteElo "2263"]
[BlackElo "2205"]
[Result "0-1"]
[Round "02"]
[TimeControl "180+2"]
[Date "2023.03.14"]
[WhiteClock "0:01:35"]
[BlackClock "0:01:10"]

1. Nf3 Nf6 2. g4 Nxg4 3. e4 d5 4. exd5 Nf6 5. Nc3 Nxd5 6. Bc4 c6 7. d4 g6 8. Bg5 Bg7 9. Qd2 Bg4 10. Be2 Nd7 11. Rg1 Bh5 12. Bh6 Bxh6 13. Qxh6 N7f6 14. O-O-O Qa5 15. Nxd5 Qxd5 16. Qe3 Qxa2 17. Qa3 Qxa3 18. bxa3 O-O-O 19. c3 Nd5 20. Kd2 Nf4 21. Rg3 e5 22. Ke3 Nxe2 0-1


[Site "https://www.chess.com"]

[Event "Titled Tuesday Blitz March 14 Late 2023"]
[White "Fernandez Hernandez, Gerardo"]
[Black "slow_jamz"]
[WhiteFideId "2207400"]
[WhiteElo "2197"]
[BlackElo "2462"]
[Result "0-1"]
[Round "02"]
[TimeControl "180+2"]
[Date "2023.03.14"]
[WhiteClock "0:00:05"]
[BlackClock "0:00:09"]

1. e4 c5 2. d3 Nc6 3. g3 g6 4. Bg2 Bg7 5. f4 d6 6. Nf3 Bg4 7. h3 Bxf3 8. Qxf3 Nf6 9. O-O O-O 10. Be3 Rc8 11. c3 b5 12. Nd2 b4 13. Rac1 Nd7 14. Qf2 a5 15. Nc4 Nb6 16. Nxb6 Qxb6 17. c4 Nd4 18. f5 Nc6 19. g4 Bd4 20. g5 f6 21. h4 fxg5 22. hxg5 Rf7 23. Qg3 Rcf8 24. f6 exf6 25. e5 Nxe5 26. Bd5 Kg7 27. Bxf7 Rxf7 28. gxf6+ Kg8 29. Bxd4 cxd4 30. Rce1 Qc5 31. Re4 a4 32. Rh4 b3 33. axb3 axb3 34. Qh3 Qc6 35. Qg2 Qd7 36. Qd5 g5 37. Re4 h6 38. Rxe5 dxe5 39. Qxe5 Qg4+ 40. Kh1 Qh4+ 41. Qh2 Qxh2+ 42. Kxh2 Kh7 43. c5 Kg6 44. c6 Rf8 45. f7 Kg7 46. Kg3 h5 47. Rf5 g4 48. Kh4 Kg6 49. Rf4 Kg7 50. c7 Kg6 51. Rf1 Kg7 52. Kxh5 g3 53. Kg4 g2 54. Rg1 Kxf7 55. Rxg2 Ke7 56. Rh2 Kd7 57. Rh7+ Kc8 58. Kg3 Rf6 59. Re7 Rc6 60. Re4 Rc2 61. Rxd4 Rxb2 62. Rc4 Rc2 63. d4 Rxc4 64. d5 Rc3+ 65. Kf4 Rxc7 66. Ke5 Rd7 67. d6 b2 68. Ke6 b1=Q 0-1


[Site "https://www.chess.com"]

[Event "Titled Tuesday Blitz March 14 Late 2023"]
[White "Sreyas Payyappat"]
[Black "Salgado Lopez, Ivan"]
[WhiteFideId "46674969"]
[BlackFideId "2257327"]
[WhiteElo "2083"]
[BlackElo "2571"]
[Result "1-0"]
[Round "02"]
[TimeControl "180+2"]
[Date "2023.03.14"]
[WhiteClock "0:01:30"]
[BlackClock "0:00:12"]

1. e4 c5 2. Nf3 e6 3. d4 cxd4 4. Nxd4 Nc6 5. Nc3 Qc7 6. Be3 a6 7. Be2 Nf6 8. O-O b5 9. a3 Bb7 10. f4 Nxd4 11. Qxd4 Rc8 12. e5 Nd5 13. Nxd5 Bxd5 14. c3 Qb7 15. Bf3 Bxf3 16. Rxf3 Bc5 17. Qd2 O-O 18. Rd1 Rfd8 19. Bxc5 Rxc5 20. Rd3 Rc7 21. Rd6 g6 22. Qd4 Qa7 23. Qxa7 Rxa7 24. Rb6 Kg7 25. Rdd6 Rda8 26. Rd4 Kf8 27. g4 Ke7 28. Kf2 Rc7 29. Ke3 Raa7 30. Rdd6 Rc6 31. Rbxc6 dxc6 32. Rxc6 h6 33. Rd6 g5 34. f5 exf5 35. gxf5 h5 36. f6+ Ke8 37. Ke4 1-0


[Site "https://www.chess.com"]

[Event "Titled Tuesday Blitz March 14 Late 2023"]
[White "ritanovikova"]
[Black "Doknjas, Neil"]
[BlackFideId "2617587"]
[WhiteElo "2167"]
[BlackElo "2152"]
[Result "0-1"]
[Round "02"]
[TimeControl "180+2"]
[Date "2023.03.14"]
[WhiteClock "0:00:04"]
[BlackClock "0:00:24"]

1. e4 c5 2. Nc3 e6 3. d3 d5 4. g3 Nf6 5. Bg2 Nc6 6. Nge2 Be7 7. exd5 exd5 8. Nf4 Bg4 9. Qd2 d4 10. Ncd5 Bd6 11. O-O O-O 12. Nxf6+ Qxf6 13. Nd5 Qg6 14. Qg5 Qxg5 15. Bxg5 f6 16. Bf4 Rad8 17. Bxd6 Rxd6 18. a3 Rfd8 19. h3 Bf5 20. Nf4 g5 21. Ne2 c4 22. Rfd1 Ne5 23. f4 gxf4 24. gxf4 cxd3 25. fxe5 dxe2 26. Re1 fxe5 27. Rxe2 Re8 28. Rae1 b6 29. Rxe5 Rxe5 30. Rxe5 Bxc2 31. Re8+ Kf7 32. Re2 d3 33. Rd2 Kf6 34. Kf2 Ke5 35. Ke3 Rg6 36. Bf1 Rg3+ 37. Kf2 Rg8 38. Bxd3 Bxd3 39. Rxd3 Rc8 40. Re3+ Kf4 41. Rf3+ Kg5 42. Rg3+ Kh4 43. Rg7 Rc2+ 44. Ke3 h5 45. b4 Rc3+ 46. Kf4 Rxa3 47. Rh7 Rb3 48. Rxa7 Rxb4+ 49. Kf3 Kxh3 50. Rh7 h4 51. Kf2 b5 52. Rh5 Rb2+ 53. Kf3 Rb4 54. Rh6 Kh2 55. Ke3 h3 56. Kd3 Rg4 57. Ke2 Kg2 58. Rh4 Rxh4 0-1


[Site "https://www.chess.com"]

[Event "Titled Tuesday Blitz March 14 Late 2023"]
[White "lisjakzlatko1"]
[Black "Heinemann, Josefine"]
[BlackFideId "12900460"]
[WhiteElo "2165"]
[BlackElo "2342"]
[Result "0-1"]
[Round "02"]
[TimeControl "180+2"]
[Date "2023.03.14"]
[WhiteClock "0:00:08"]
[BlackClock "0:00:29"]

1. d4 d5 2. Nc3 Nf6 3. Bf4 c5 4. e3 cxd4 5. exd4 a6 6. Bd3 Nc6 7. a3 Nxd4 8. Qd2 Nc6 9. O-O-O e6 10. Nf3 Be7 11. g4 b5 12. Na2 Qa5 13. Qxa5 Nxa5 14. Ne5 Nd7 15. Rhe1 Nxe5 16. Bxe5 f6 17. Bc3 Nc6 18. g5 Kf7 19. f4 Bd7 20. h4 Bd6 21. Rf1 Rab8 22. h5 a5 23. g6+ hxg6 24. Bxg6+ Ke7 25. f5 b4 26. Bd2 bxa3 27. b3 e5 28. h6 gxh6 29. Nc3 Nb4 30. Be3 d4 31. Ne4 Rhc8 0-1


[Site "https://www.chess.com"]

[Event "Titled Tuesday Blitz March 14 Late 2023"]
[White "Souza, Gustavo Horokoski De"]
[Black "Szyszylo, Rafal"]
[WhiteFideId "2146584"]
[BlackFideId "1109626"]
[WhiteElo "1859"]
[BlackElo "1951"]
[Result "0-1"]
[Round "02"]
[TimeControl "180+2"]
[Date "2023.03.14"]
[WhiteClock "0:00:17"]
[BlackClock "0:00:19"]

1. d4 g6 2. c4 Nf6 3. Nc3 Bg7 4. e4 d6 5. Bg5 h6 6. Bh4 O-O 7. Be2 Na6 8. f4 Qe8 9. Nf3 Ng4 10. Qd2 e5 11. fxe5 dxe5 12. d5 f5 13. h3 Nf6 14. exf5 gxf5 15. O-O Nc5 16. b4 Nce4 17. Nxe4 Nxe4 18. Qc2 a5 19. Bd3 axb4 20. Bxe4 fxe4 21. Qxe4 Bf5 22. Qe3 Ra3 23. Qc5 e4 24. Nd4 b6 25. Qxf8+ Bxf8 26. Nxf5 Bc5+ 27. Kh1 Qh5 28. Rae1 e3 29. Rf3 e2 30. Rxe2 Rxf3 31. gxf3 Qxf5 32. Rg2+ Kh7 0-1


[Site "https://www.chess.com"]

[Event "Titled Tuesday Blitz March 14 Late 2023"]
[White "Filgueiras, Nathan Felipe"]
[Black "marik_spb"]
[WhiteFideId "2188562"]
[WhiteElo "2241"]
[BlackElo "2416"]
[Result "0-1"]
[Round "02"]
[TimeControl "180+2"]
[Date "2023.03.14"]
[WhiteClock "0:01:57"]
[BlackClock "0:00:32"]

1. e4 c6 2. d4 d5 3. exd5 cxd5 4. Bd3 Nf6 5. Ne2 Nc6 6. c3 Bg4 7. O-O e6 8. Qe1 Bd6 9. f3 Bh5 10. Qh4 O-O 11. Nf4 Bg6 12. Nxg6 hxg6 13. Bg5 Be7 14. Nd2 Nh5 15. Bxe7 Qxe7 16. Qxe7 Nxe7 17. g3 Nf6 18. Kf2 g5 19. h3 g6 20. Rh1 Kg7 21. h4 gxh4 22. Rxh4 Rh8 23. Rah1 Nd7 24. Rxh8 Rxh8 25. Rxh8 Kxh8 26. f4 f6 27. Nb3 b6 28. Bb5 Nf8 29. Nc1 Kg7 30. Nd3 Nf5 31. Nb4 Nd6 32. Bd3 Nd7 33. Nc6 a5 34. b4 axb4 35. cxb4 Kf7 36. a4 Ne4+ 37. Bxe4 dxe4 38. a5 bxa5 39. bxa5 Ke8 40. a6 Nb6 41. Ke3 Kd7 42. Nb4 f5 43. Kd2 Kc7 44. Kc3 Nd5+ 45. Nxd5+ exd5 0-1


[Site "https://www.chess.com"]

[Event "Titled Tuesday Blitz March 14 Late 2023"]
[White "Abrosimov, Vladimir"]
[Black "Santos Flores, Alberto"]
[WhiteFideId "4166892"]
[BlackFideId "3601234"]
[WhiteElo "2336"]
[BlackElo "2235"]
[Result "0-1"]
[Round "03"]
[TimeControl "180+1"]
[Date "2023.03.14"]
[WhiteClock "0:00:02"]
[BlackClock "0:01:38"]

1. c4 c5 2. Nc3 Nc6 3. g3 g6 4. Bg2 Bg7 5. d3 e6 6. e4 Nge7 7. Nge2 O-O 8. O-O b6 9. f4 Bb7 10. g4 Nd4 11. Be3 Nxe2+ 12. Qxe2 d5 13. cxd5 exd5 14. f5 d4 15. f6 dxe3 16. fxg7 Kxg7 17. Qxe3 Nc6 18. Nd5 Nd4 19. Qf2 Bxd5 20. exd5 Qd7 21. Qf6+ Kg8 22. Rae1 Rae8 23. h3 Rxe1 24. Rxe1 Re8 25. Rxe8+ Qxe8 26. Be4 Qd7 27. d6 Nb5 28. Qe7 Qxd6 29. Qe8+ Kg7 30. Qxb5 Qd4+ 31. Kf1 Qe3 32. Qb3 Qxh3+ 33. Kf2 Qxg4 34. Qc3+ Kg8 35. Qe5 Qh4+ 36. Ke2 h5 37. Qe8+ Kg7 38. Qe5+ Qf6 39. Qe8 Qxb2+ 40. Kf3 Qf6+ 41. Ke3 h4 42. Qc8 Qg5+ 43. Ke2 Qh5+ 44. Ke3 h3 45. Qd7 h2 46. Qe7 h1=Q 47. Bxh1 Qxh1 48. Qe5+ Kh7 49. Qe7 Qe1+ 0-1


[Site "https://www.chess.com"]

[Event "Titled Tuesday Blitz March 14 Late 2023"]
[White "Adury, Anant"]
[Black "Omelja, Artem"]
[WhiteFideId "30964687"]
[BlackFideId "14119846"]
[WhiteElo "2249"]
[BlackElo "2404"]
[Result "0-1"]
[Round "03"]
[TimeControl "180+1"]
[Date "2023.03.14"]
[WhiteClock "0:00:14"]
[BlackClock "0:00:04"]

1. Nf3 Nf6 2. c3 b6 3. d4 Bb7 4. Bf4 d5 5. e3 e6 6. Bd3 Bd6 7. Bg3 O-O 8. Nbd2 c5 9. Ne5 Nc6 10. f4 Nd7 11. Qh5 f5 12. Bh4 Nf6 13. g4 Nxh5 14. Bxd8 Nxf4 15. exf4 Raxd8 16. gxf5 exf5 17. Bb5 Bxe5 18. fxe5 Ne7 19. Nf3 h6 20. b4 cxb4 21. cxb4 Rc8 22. Kd2 Bc6 23. Bd3 Bd7 24. a4 g5 25. a5 bxa5 26. Rxa5 Rc7 27. Rc5 Rb7 28. Ra1 g4 29. Nh4 Nc6 30. Rxd5 Nxb4 31. Bc4 Kg7 32. Rd6 Nc6 33. e6 Be8 34. d5 Ne5 35. Bd3 f4 36. Rda6 f3 37. Rxa7 Rxa7 38. Rxa7+ Kf6 39. e7 Rf7 40. Nf5 Nxd3 41. Nd6 Rxe7 42. Ra6 Nb4 43. Nxe8+ Kg5 44. Re6 Rxe6 45. dxe6 Nd5 46. Ng7 Kf6 47. Nh5+ Kxe6 48. Kd3 Kf5 49. Ng3+ Kf4 50. Nh5+ Kg5 51. Ng3 h5 52. Ke4 Nf6+ 53. Ke3 h4 54. Nf1 Kf5 55. Kf2 Kf4 56. Nd2 Ne4+ 0-1


[Site "https://www.chess.com"]

[Event "Titled Tuesday Blitz March 14 Late 2023"]
[White "Albornoz Cabrera, Carlos Daniel"]
[Black "Nakamura, Hikaru"]
[WhiteFideId "3518736"]
[BlackFideId "2016192"]
[WhiteElo "2501"]
[BlackElo "2879"]
[Result "0-1"]
[Round "03"]
[TimeControl "180+1"]
[Date "2023.03.14"]
[WhiteClock "0:00:28"]
[BlackClock "0:01:24"]

1. e4 e6 2. d4 d5 3. Nd2 dxe4 4. Nxe4 Bd7 5. Nf3 Bc6 6. Bd3 Nd7 7. O-O Ngf6 8. Ng3 Bd6 9. Re1 O-O 10. Ne5 h6 11. Nxc6 bxc6 12. Qf3 c5 13. Be3 Rb8 14. b3 Nd5 15. Bd2 cxd4 16. Qe4 N7f6 17. Qxd4 Nb4 18. Bxb4 Bxb4 19. Qxd8 Rfxd8 20. Red1 Nd5 21. Ne2 Bc5 22. Be4 Nf6 23. Bf3 e5 24. Ng3 Bd4 25. Rab1 g6 26. Ne4 Nxe4 27. Bxe4 f5 28. Bf3 e4 29. Be2 Kg7 30. Kf1 Kf6 31. Rd2 Rd6 32. Rbd1 Rbd8 33. f3 Ke5 34. fxe4 fxe4 35. Bc4 Rf8+ 36. Ke2 e3 37. Rd3 Rf2+ 38. Ke1 Rxc2 0-1


[Site "https://www.chess.com"]

[Event "Titled Tuesday Blitz March 14 Late 2023"]
[White "Aldokhin, Ivan"]
[Black "Mekhane, Adam"]
[WhiteFideId "24115720"]
[BlackFideId "36050601"]
[WhiteElo "2322"]
[BlackElo "2177"]
[Result "1-0"]
[Round "03"]
[TimeControl "180+1"]
[Date "2023.03.14"]
[WhiteClock "0:00:32"]
[BlackClock "0:00:01"]

1. e4 c5 2. Nf3 Nc6 3. d4 cxd4 4. Nxd4 Nf6 5. Nc3 d6 6. Bc4 e6 7. Bb3 Be7 8. Be3 O-O 9. Qe2 Bd7 10. O-O-O a6 11. f4 b5 12. e5 Nxd4 13. Rxd4 Ne8 14. exd6 Nxd6 15. Rhd1 Qc7 16. Ne4 Nxe4 17. Rxd7 Qc6 18. Rxe7 a5 19. Rdd7 a4 20. Bxe6 Nf6 21. Bxf7+ Kh8 22. Bd5 Nxd5 23. Rxg7 Nf6 24. Bd4 Rae8 25. Rxh7+ 1-0


[Site "https://www.chess.com"]

[Event "Titled Tuesday Blitz March 14 Late 2023"]
[White "Ansh M Shah"]
[Black "Dylag, Emilia"]
[WhiteFideId "25033379"]
[BlackFideId "21805172"]
[WhiteElo "2084"]
[BlackElo "1878"]
[Result "1-0"]
[Round "03"]
[TimeControl "180+1"]
[Date "2023.03.14"]
[WhiteClock "0:02:24"]
[BlackClock "0:02:24"]

1. d4 Nf6 2. c4 e6 3. g3 d5 4. Bg2 Bd6 5. Nf3 h6 6. O-O O-O 7. Nfd2 b6 8. Nc3 Bb7 9. e4 dxe4 10. Ndxe4 Nxe4 11. Nxe4 c6 12. c5 Be7 13. Bf4 Na6 14. Rc1 Bf6 15. Nd6 1-0


[Site "https://www.chess.com"]